 Dungeon Crawl Stone Soup version 0.24.0-1-gfbc8707122 (console) character file.

Game seed: 15828330264344452733, levelgen mode: deterministic

62 AlterAsc the Chiller (level 4, 25/35 HPs)
             Began as a Ghoul Ice Elementalist on Oct 26, 2019.
             Quit the game on level 2 of the Dungeon.
             The game lasted 00:07:27 (894 turns).

AlterAsc the Chiller (Ghoul Ice Elementalist)        Turns: 894, Time: 00:07:28

Health: 25/35      AC:  2    Str: 12    XL:     4   Next: 8%
Magic:  15/15      EV: 12    Int: 10    God:
Gold:   33         SH:  0    Dex:  9    Spells: 6/7 levels left

rFire    . . .     SeeInvis .     - Unarmed
rCold    + . .     Gourm    .   (no shield)
rNeg     + + +     Faith    .   a - +0 robe
rPois    ∞         Spirit   .   (no helmet)
rElec    .         Reflect  .   (no cloak)
rCorr    .         Harm     .   (no gloves)
MR       .....                  (no boots)
Stlth    ++........             (no amulet)
HPRegen  0.11/turn              b - ring of magical power
MPRegen  0.14/turn              (no ring)

@: rotting
A: rotting body, claws 1, carnivore, cold resistance 1, negative energy
resistance 3, inhibited regeneration, torment resistance, unbreathing
a: no special abilities


You were on level 2 of the Dungeon.
You were not hungry.

You visited 1 branch of the dungeon, and saw 2 of its levels.

You collected 33 gold pieces.

Inventory:

Armour
 a - a +0 robe (worn)
 d - a +0 leather armour
Jewellery
 b - a ring of magical power (left claw)
Scrolls
 e - a scroll of enchant armour {unknown}
 g - a scroll of teleportation {unknown}
 h - a scroll of blinking {unknown}
 i - a scroll of noise {unknown}
Comestibles
 c - 2 rations
 f - 5 chunks of flesh


   Skills:
 + Level 1.2 Fighting
 + Level 2.2 Dodging
 - Level 3.0 Stealth
 + Level 1.1 Unarmed Combat
 + Level 2.1 Spellcasting
   Level 0.7 Conjurations
 + Level 3.7 Ice Magic


You had 6 spell levels left.
You knew the following spells:

 Your Spells              Type           Power        Failure   Level  Hunger
a - Freeze                Ice            #...         7%          1    ##.....

Your spell library contained the following spells:

 Spells                   Type           Power        Failure   Level  Hunger
 Throw Frost              Conj/Ice       #.....       19%         2    ###....
 Ozocubu's Armour         Chrm/Ice       #.......     41%         3    ####...
 Throw Icicle             Conj/Ice       #.......     77%         4    #####..
 Summon Ice Beast         Ice/Summ       #.......     82%         4    #####..


Dungeon Overview and Level Annotations

Branches:
Dungeon (2/15)

Altars:


Innate Abilities, Weirdness & Mutations

Your body is rotting away.
You thrive on raw meat.
You are immune to poison.
You have sharp fingernails.
You are carnivorous and can eat meat at any time.
Your flesh is cold resistant. (rC+)
You are immune to negative energy. (rN+++)
You do not regenerate when monsters are visible.
You are immune to unholy pain and torment.
You can survive without breathing.


Message History

You barely miss the quokka.
The quokka is moderately wounded.
The quokka bites you but does no damage.
You scratch the quokka.
The quokka is almost dead.
The quokka barely misses you.
You completely miss the quokka.
The quokka is almost dead.
The quokka misses you.
You scratch the quokka.
You kill the quokka!
Things that are here:
a +0 club; a hobgoblin corpse; a bat corpse Butcher a hobgoblin corpse? [(y)es/(n)o/(a)ll/(q)uit/?]
You butcher the hobgoblin corpse.
You butcher the bat corpse.
f - 4 chunks of flesh (gained 2);
f - 5 chunks of flesh (gained 1)
Things that are here:
a +0 club; a hobgoblin skeleton; a bat skeleton Are you sure you want to abandon this character and quit the game? (Confirm with "yes".)

######
......+####
###.....#.#
#.......<.#
#.........#
####.###@.#.#...
.............#
.##.#........#
...........#
#...........#
##.####.....# #.
.....# # .....#
.###.#


There were no monsters in sight!

Vanquished Creatures
  A gnoll (D:1)
  3 dart slugs (D:1)
  2 leopard geckos (D:1)
  3 bats
  3 giant cockroaches (D:1)
  7 goblins (D:1)
  7 hobgoblins
  7 kobolds (D:1)
  A quokka (D:2)
  A frilled lizard (D:1)
  4 rats (D:1)
39 creatures vanquished.

Notes
Turn   | Place    | Note
-------+----------+-------------------------------------------
     0 | D:1      | AlterAsc the Ghoul Ice Elementalist began the quest for the
                  | Orb.
     0 | D:1      | Reached XP level 1. HP: 14/14 MP: 2/2
   138 | D:1      | Reached XP level 2. HP: 20/20 MP: 3/3
   347 | D:1      | Reached XP level 3. HP: 24/27 MP: 5/5
   584 | D:1      | Reached skill level 1 in Fighting
   663 | D:1      | Reached skill level 1 in Unarmed Combat
   766 | D:1      | Reached XP level 4. HP: 35/35 MP: 6/6
   894 | D:2      | Quit the game

Levels and vault maps discovered:
D:1:      giann_forest_graveyard, layout_basic
D:2:      lemuel_upstairs_altar, layout_basic, serial_rivers,
          chequers_serial_rivers_micro_e, chequers_serial_rivers_room_b,
          chequers_serial_rivers_room_a, chequers_serial_rivers_micro_b,
          chequers_serial_rivers_room_a, uniq_terence

Skill      XL: |  1  2  3 |
---------------+----------+-----
Dodging        | 2 |  2.2
Spellcasting   | 2 |  2.1
Stealth        | 3 |  3.0
Fighting       | 1 |  1.2
Unarmed Combat | 1 |  1.1
Conjurations   | |  0.7
Ice Magic      | |  3.7

Action                   |  1- 3 |  4- 6 || total
-------------------------+-------+-------++-------
Melee: Unarmed           |    45 |    20 ||    65
 Cast: Freeze            |    60 |     1 ||    61
 Stab: Sleeping          |     1 |       ||     1
  Eat: Chunk             |    25 |     1 ||    26
Armor: Robe              |    12 |     6 ||    18
Dodge: Dodged            |    52 |    21 ||    73
